 Dungeon Crawl Stone Soup version 0.17-a0-2079-g2563267 (webtiles) character file.

380 Sixotanaka the Spear-Bearer (level 6, -5/44 HPs)
             Began as a Merfolk Gladiator on Oct 15, 2015.
             Killed from afar by Kramin's ghost (30 damage)
             ... with an orb of energy
             ... on level 4 of the Dungeon.
             The game lasted 00:07:06 (3203 turns).

Sixotanaka the Spear-Bearer (Merfolk Gladiator)     Turns: 3203, Time: 00:07:06

Health: -5/44      AC:  9    Str: 15    XL:     6   Next: 75%
Magic:  6/6        EV: 14    Int:  8    God:
Gold:   204        SH:  0    Dex: 16    Spells: 0 memorised, 5 levels left

rFire  . . .     SeeInvis .     a - +0 trident
rCold  . . .     Clarity  .     b - +0 leather armour
rNeg   . . .     SustAt   .     (no shield)
rPois  .         Gourm    .     c - +0 helmet
rElec  .         Spirit   .     u - +2 cloak {MR+}
rCorr  .         Warding  .     (no gloves)
rMut   .         Stasis   .     x - +1 pair of boots
MR     +....                    A - amulet of rage
Stlth  +.........               (no ring)
                                (no ring)

@: somewhat resistant to hostile enchantments, very unstealthy
A: change form in water, swift swim
a: Evoke Berserk Rage


You were on level 4 of the Dungeon.
You were hungry.

You visited 1 branch of the dungeon, and saw 4 of its levels.

You collected 204 gold pieces.


   Skills:
 - Level 2.1 Fighting
 + Level 9.3 Polearms
 - Level 2.0 Throwing
 - Level 4.0 Dodging
 + Level 3.2 Shields


You had 5 spell levels left.
You didn't know any spells.

Dungeon Overview and Level Annotations

Branches:
Dungeon (4/15)
 Temple: D:4-7

Altars:

Annotations:
D:4 Kramin's ghost, novice TeCj

Inventory:

Hand Weapons
 a - a +0 trident (weapon)
Missiles
 d - 2 throwing nets
 i - 162 stones (quivered)
Armour
 b - a +0 leather armour (worn)
 c - a +0 helmet (worn)
 u - a +2 cloak of magic resistance (worn)
   (You took it off Crazy Yiuf on level 2 of the Dungeon)
 x - a +1 pair of boots (worn)
 y - a +0 buckler
Jewellery
 m - a cursed -3 ring of protection {unknown}
 A - an amulet of rage (around neck)
Scrolls
 g - 3 scrolls of blinking
 l - a scroll of immolation {unknown}
 o - 2 scrolls of remove curse {unknown}
 p - a scroll of teleportation {unknown}
 v - a scroll of enchant weapon {unknown}
 B - a scroll of fear {unknown}
Potions
 h - a potion of lignification {unknown}
 j - a potion of ambrosia {unknown}
 n - a potion of degeneration {unknown}
 q - a potion of cure mutation
 r - a potion of invisibility
 w - a potion of magic
 z - a potion of haste {@q3}
Comestibles
 e - 4 bread rations
 k - a chunk of flesh
 s - a beef jerky
 t - 4 fruits

#.#..#.#. .#.....#
....... ..... ..W.
8...8 #(. #...######
#(##.# #...##....
#@##.# ##...##.###
#.##<# 8...8#.###
#(##.# #...##.##.
#.##.## #...##.##.
#.#.#...###...##.##.
#..(.....#8...8#.##.
#####....##...##.##.
##.#.##...##.##.
#..............


You could see Kramin's ghost.


Message History

You puncture the worker ant! The worker ant barely misses you.
Attack whom?
Aim: a worker ant (severely wounded)
You hit the worker ant but do no damage.
The worker ant bites you but does no damage.
Attack whom?
Aim: a worker ant (severely wounded)
You hit the worker ant. The worker ant closely misses you.
Attack whom?
Aim: a worker ant (severely wounded)
You hit the worker ant.
The worker ant bites you but does no damage.
Attack whom?
Aim: a worker ant (almost dead)
You barely miss the worker ant.
The worker ant bites you but does no damage.
Attack whom?
Aim: a worker ant (almost dead)
You closely miss the worker ant.
The worker ant bites you but does no damage.
Attack whom?
Aim: a worker ant (almost dead)
You closely miss the worker ant. The worker ant bites you.
You are poisoned.
The worker ant poisons you!
Attack whom?
Aim: a worker ant (almost dead)
You hit the worker ant.
You kill the worker ant!
You feel sick.
Attack whom?
Aim: an orc wizard, wielding a dagger and wearing a robe (fast)
You hit the orc wizard but do no damage.
The orc wizard hits you with a dagger.
The orc wizard hits you but does no damage.
Attack whom?
Aim: an orc wizard, wielding a dagger and wearing a robe (fast)
You barely miss the orc wizard.
You feel sick.
The orc wizard hits you but does no damage.
You hit the orc wizard but do no damage.
The orc wizard casts a spell.
The orc wizard blinks!
You closely miss the orc.
You feel sick. The orc closely misses you.
You hit the orc but do no damage. The orc closely misses you.
You hit the orc but do no damage. The orc hits you with a club.
* * * LOW HITPOINT WARNING * * *
Drink which item? (? for menu, Esc to quit)
You feel better. The orc barely misses you.
You closely miss the orc wizard. The orc wizard barely misses you.
You hit the orc wizard. The orc wizard hits you with a dagger.
You puncture the orc wizard! The orc wizard closely misses you.
You closely miss the orc wizard. The orc wizard closely misses you.
The orc wizard hits you but does no damage.
You barely miss the orc wizard. The orc wizard hits you with a dagger.
You hit the orc wizard.
The orc wizard gestures wildly while chanting.
The orc wizard blinks!
You hit the orc.
You kill the orc!
You barely miss the orc wizard.
The orc wizard hits you but does no damage.
Kramin's ghost turns its malevolent gaze towards you.
You hit the orc wizard.
Kramin's ghost gestures at you while chanting.
The orb of energy hits the orc wizard.
The orc wizard dies!
Kramin's ghost points at you and mumbles some strange words.
The orb of energy hits you!
Ouch! That really hurt!
You die...

Action                   |  1- 3 |  4- 6 || total
-------------------------+-------+-------++-------
Melee: Trident           |    87 |   253 ||   340
Throw: Throwing net      |       |     2 ||     2
       Stone             |       |    11 ||    11
  Use: Scroll            |       |     5 ||     5
       Potion            |       |     1 ||     1
 Stab: Sleeping          |     2 |     1 ||     3
  Eat: Chunk             |       |     7 ||     7

Vault maps used:
D:1:      saegor_arrival_simple_d, kennysheep_decorative_pillar
D:2:      first_bread, uniq_crazy_yiuf_cottage
D:3:      kennysheep_crisscross, st_stairs_6
D:4:      gammafunk_temple_overflow_claw, corexii_hall_statues_i

Notes
Turn   | Place    | Note
--------------------------------------------------------------
     0 | D:1      | Sixotanaka the Merfolk Gladiator began the quest for the Orb.
     0 | D:1      | Reached XP level 1. HP: 16/16 MP: 1/1
   132 | D:1      | Reached skill level 5 in Polearms
   137 | D:1      | Reached XP level 2. HP: 22/22 MP: 2/2
   560 | D:1      | Reached XP level 3. HP: 27/27 MP: 3/3
   616 | D:1      | Reached skill level 6 in Polearms
  1058 | D:2      | Reached XP level 4. HP: 33/33 MP: 4/4
  1087 | D:2      | Noticed Crazy Yiuf
  1099 | D:2      | Killed Crazy Yiuf
  1099 | D:2      | Reached skill level 7 in Polearms
  1583 | D:3      | Reached XP level 5. HP: 29/38 MP: 5/5
  1736 | D:3      | Reached skill level 1 in Shields
  1739 | D:3      | Reached skill level 8 in Polearms
  2263 | D:4      | Noticed a phantom
  2299 | D:4      | Killed a phantom
  2299 | D:4      | Reached skill level 2 in Shields
  2299 | D:4      | Reached XP level 6. HP: 25/44 MP: 6/6
  2713 | D:4      | Noticed Kramin's ghost (novice TeCj)
  3144 | D:4      | Reached skill level 9 in Polearms
  3158 | D:4      | Reached skill level 3 in Shields
  3203 | D:4      | Killed from afar by Kramin's ghost

Vanquished Creatures
  A phantom (D:4)
  Crazy Yiuf (D:2)
  3 worker ants (D:4)
  8 adders
  3 oozes
  3 worms
  A giant gecko (D:2)
  3 orcs (D:4)
  6 giant cockroaches
  9 goblins
  9 hobgoblins
  2 jackals (D:4)
  4 quokkas
  9 bats
  A giant gecko skeleton (D:4)
  3 giant newts
  7 kobolds
  6 rats
79 creatures vanquished.

Vanquished Creatures (others)
  An orc wizard (D:4)
1 creature vanquished.

Grand Total: 80 creatures vanquished
